 Dungeon Crawl Stone Soup version 0.13-a0-2474-g552a472 (webtiles) character file.

204 Rycklaryybbe the Sneak (level 4, -2/21 HPs)
             Began as a Spriggan Enchanter on July 18, 2013.
             Slain by a worm (12 damage)
             ... on Level 3 of the Dungeon.
             The game lasted 00:07:51 (2187 turns).

Rycklaryybbe the Sneak (Spriggan Enchanter)         Turns: 2187, Time: 00:07:51

HP  -2/21        AC  3     Str  2 (5)  XL: 4   Next: 51%
MP  11/11        EV 18     Int 16      God:
Gold 101         SH  0     Dex 16      Spells:  2 memorised,  3 levels left

Res.Fire  : . . .   See Invis. : +   g - -1,+0 whip (curse)
Res.Cold  : . . .   Warding    : .   b - +1 robe
Life Prot.: . . .   Conserve   : .   (shield restricted)
Res.Poison: .       Res.Corr.  : .   (helmet restricted)
Res.Elec. : .       Clarity    : .   (no cloak)
Sust.Abil.: . .     Spirit.Shd : .   (gloves unavailable)
Res.Mut.  : .       Stasis     : .   (boots unavailable)
Res.Rott. : .       Flight     : .   (no amulet)
Saprovore : . . .                    (no ring)
                                     (no ring)

@: very quick, slightly resistant to hostile enchantments, very stealthy
A: unfitting armour, see invisible, herbivore 3, speed 3, slow metabolism 2
a: no special abilities


You were on level 3 of the Dungeon.
You were not hungry.

You visited 1 branch of the dungeon, and saw 3 of its levels.

You collected 81 gold pieces.

Inventory:

Hand weapons
 a - a +1,+1 dagger {=f}
 g - a cursed -1,+0 whip (weapon)
 t - a +0,+0 sabre
 w - a -1,+0 orcish short sword
Missiles
 d - 11 darts (quivered)
Armour
 b - a +1 robe (worn)
Comestibles
 m - 3 bread rations
 n - a lychee
 u - a snozzcumber
Scrolls
 f - a scroll of enchant armour {unknown}
 h - 2 scrolls of identify
 i - a scroll of recharging {unknown}
 j - a scroll of enchant weapon II {unknown}
 k - 2 scrolls of blinking {unknown}
 l - a scroll of enchant weapon I {unknown}
 p - 2 scrolls of remove curse
 q - a scroll of magic mapping
 y - a scroll of random uselessness {unknown}
Potions
 e - a potion of porridge
 o - a potion of heal wounds {unknown}
 r - a potion of confusion {unknown}
 s - a potion of flight {unknown}
 v - a potion of berserk rage
 z - a potion of poison
Books
 c - a book of Maledictions

   Spells                             Type                      Level
   *Corona                            Hexes                        1
   Sure Blade                         Hexes/Charms                 2
   *Ensorcelled Hibernation           Hexes/Ice                    2
   Confuse                            Hexes                        3
   Enslavement                        Hexes                        4
   Invisibility                       Hexes                        6


   Skills:
 + Level 1.8 Short Blades
 - Level 1.1 Throwing
 - Level 3.0 Dodging
 - Level 7.0 Stealth
 + Level 1.7 Spellcasting
 - Level 3.6 Hexes


You had 3 spell levels left.
You knew the following spells:

 Your Spells              Type           Power        Failure   Level  Hunger
a - Corona                Hex            ##.....      6%          1    ##.....
b - Ensorcelled Hibernat  Hex/Ice        #.....       17%         2    ###....


Dungeon Overview and Level Annotations

Branches:
Dungeon (3/27)

Altars:
Makhleb
Nemelex Xobeh

Annotations
D:3 Zuul's ghost, average DsNe


Innate Abilities, Weirdness & Mutations

You are tiny and cannot use many weapons and most armour.
You have supernaturally acute eyesight.
You are a herbivore.
You cover ground extremely quickly.
You need consume almost no food.


Message History

Found 19 sling bullets.
You barely miss the worm. You barely miss the worm.
The worm closely misses you.
You hit the worm but do no damage. The worm bites you but does no damage.
You hit the worm.
The worm is lightly wounded.
You hit the worm.
The worm is lightly wounded.
The worm barely misses you.
You barely miss the worm.
The worm is lightly wounded.
The worm bites you!
Ouch! That really hurt!
You hit the worm but do no damage.
The worm is lightly wounded.
You hit the worm but do no damage.
The worm is lightly wounded.
The worm bites you!
Ouch! That really hurt!
You die...

*,,, ,,*
*,,,,,,,, *
#... *,,,,***
***,,,,,***
###. * ,(#*
*#.,,#* ##
*,...##*
*##.,*,.##*
###. *#.....*
*..,***...*
#...
*#....#*#.#**
**#.###...
*#....#..#
#..#....
#....w.#*
*#......
##...@##
##.....
#......##
##......
*#....#..#
#..#....
#....###.###
###.###...
*#."..*
#...###...#
#... #...##*
###..#..###
###. *..#*
##...## ##
*,.,***
###.....###
***. *,,.,,*
#.........#
*,,.


You could see a worm.

Vanquished Creatures
  3 adders (D:3)
  A worm (D:3)
  2 giant geckos
  An ooze (D:1)
  6 orcs (D:3)
  4 giant cockroaches
  9 goblins
  5 hobgoblins
  5 jackals
  A quokka (D:2)
  A ball python (D:1)
  7 bats
  9 kobolds
  6 rats
60 creatures vanquished.

Notes
Turn   | Place    | Note
--------------------------------------------------------------
     0 | D:1      | Rycklaryybbe, the Spriggan Enchanter, began the quest for the Orb.
     0 | D:1      | Reached XP level 1. HP: 9/9 MP: 4/4
   100 | D:1      | Reached skill level 4 in Stealth
   124 | D:1      | Reached XP level 2. HP: 13/13 MP: 6/6
   259 | D:1      | Reached skill level 5 in Stealth
   263 | D:1      | Learned a level 2 spell: Ensorcelled Hibernation
   683 | D:1      | Reached XP level 3. HP: 16/16 MP: 9/9
  1113 | D:2      | Found a burning altar of Makhleb.
  1113 | D:2      | Found a sparkling altar of Nemelex Xobeh.
  1163 | D:3      | Reached skill level 6 in Stealth
  1387 | D:3      | Noticed Zuul's ghost (average DsNe)
  1623 | D:3      | Reached XP level 4. HP: 7/21 MP: 0/11
  1870 | D:3      | Reached skill level 7 in Stealth
  2187 | D:3      | Slain by a worm

Action                   |  1- 3 |  4- 6 || total
-------------------------+-------+-------++-------
Melee: Dagger            |   103 |       ||   103
       Sabre             |    40 |    26 ||    66
       Whip              |       |     9 ||     9
Throw: Dart              |     4 |       ||     4
 Cast: Corona            |     5 |     2 ||     7
       Ensorcelled Hiber |    12 |     9 ||    21
  Use: Scroll            |       |     4 ||     4
       Potion            |       |     3 ||     3
 Stab: Sleeping          |    15 |     8 ||    23
       Distracted        |     1 |       ||     1
